Map: Dédale EC

Players

Kackophonist

  • Race: Zerg Zerg
  • League: Diamond
  • Spawn Location: 1:00

HoldTheDoor - Winner!

  • Race: Protoss Protoss
  • League: Diamond
  • Spawn Location: 7:00

VOD

Have the link to the VOD?

Description

Time

  • Played on: July 16, 2018, 9:20 a.m.
  • Length: 8:41
Show
View Real Time Build Order
Export as new Build Order

Kackophonist Zerg 

Build Orders: Hatch First 

Get SALT Encoding   

  12  0:00  Drone  
  13  0:13  Overlord  
  13  0:16  Drone  
  14  0:31  Drone x2  
  14  0:34  Drone  
  17  0:45  Drone  
  18  0:57  Hatchery  
  18  0:59  Drone  
  18  1:01  Extractor  
  17  1:09  Drone  
  18  1:18  Drone  
  19  1:23  Spawning Pool  
  18  1:28  Drone  
  19  1:39  Drone  
  20  1:58  Overlord  
  20  2:04  Drone  
  21  2:09  Queen, Metabolic Boost  
  21  2:11  Queen  
  25  2:19  Drone x2  
  25  2:21  Drone  
  28  2:29  Drone  
  29  2:31  Overlord  
  30  2:37  Drone  
  30  2:46  Drone x2  
  30  2:48  Queen  
  34  2:51  Queen  
  35  3:01  Drone  
  35  3:02  Drone  
  37  3:14  Hatchery  
  37  3:15  Drone x2  
  37  3:17  Drone  
  39  3:20  Spore Crawler  
  39  3:24  Spore Crawler  
  37  3:33  Drone x4  
  41  3:37  Overlord  
  41  3:42  Evolution Chamber  
  41  3:45  Evolution Chamber  
  41  3:48  Baneling Nest  
  38  3:55  Lair  
  38  3:57  Drone  
  38  3:59  Drone x2  
  42  4:10  Drone x2  
  42  4:16  Zerg Melee Weapons Level 1  
  43  4:20  Zergling x10  
  43  4:23  Drone  
  43  4:24  Drone x2  
  51  4:42  Zergling x6  
  51  4:43  Zergling x8  
  58  4:45  Extractor  
  58  4:46  Extractor, Drone  
  58  4:47  Drone  
  58  4:51  Zerg Ground Armor Level 1  
  58  4:56  Overlord  
  58  4:57  Overlord  
  58  5:00  Baneling x2  
  58  5:04  Overlord  
  58  5:07  Spore Crawler  
  57  5:20  Overlord x2  
  57  5:21  Drone  
  57  5:22  Drone x4  
  57  5:23  Drone x2  
  64  5:34  Zergling x8  
  64  5:35  Zergling x2  
  69  5:36  Overlord  
  69  5:37  Zergling x10  
  69  5:40  Drone  
  73  5:58  Drone x2  
  75  6:06  Drone x6  
  75  6:07  Drone x3  
  75  6:08  Centrifical Hooks  
  84  6:11  Queen  
  84  6:16  Pneumatized Carapace  
  84  6:17  Overseer  
  86  6:20  Baneling x4  
  86  6:21  Baneling x3  
  86  6:35  Drone x3  
  86  6:38  Spine Crawler  
  88  6:40  Spine Crawler x2  
  88  6:43  Overlord x2  
  88  6:44  Zergling x16  
  88  6:45  Zergling x4  
  88  6:57  Zergling x6  
  62  7:19  Zergling x18  
  62  7:20  Zergling x2  
  62  7:21  Queen  
  73  7:29  Zergling x4  
  53  7:54  Zergling x4  
  53  7:55  Zergling x6  
  47  8:08  Zergling x10  
  45  8:14  Baneling x5  
  45  8:15  Baneling  
  40  8:26  Hatchery  
Show
View Real Time Build Order
Export as new Build Order

HoldTheDoor Protoss - Winner!

Build Orders: 1 Gate Expand 

Get SALT Encoding   

  12  0:00  Probe  
  13  0:13  Probe  
  14  0:18  Pylon  
  14  0:25  Probe  
  15  0:36  Probe  
  15  0:38  Gateway  
  16  0:44  Probe  
  16  0:45  Assimilator  
  17  0:52  Probe  
  18  1:04  Probe  
  19  1:24  Nexus  
  19  1:33  Cybernetics Core  
  19  1:36  Probe  
  20  1:44  Assimilator  
  20  1:48  Probe  
  21  1:58  Pylon  
  21  2:00  Probe  
  22  2:12  Probe  
  22  2:13  Warp Gate  
  23  2:16  Adept  
  23  2:19  Pylon  
  25  2:24  Probe  
  26  2:37  Probe  
  27  2:39  Probe  
  28  2:45  Gateway  
  28  2:49  Probe  
  29  2:57  Gateway  
  29  3:07  Sentry  
  29  3:08  Pylon  
  29  3:11  Probe  
  32  3:14  Probe, Pylon  
  32  3:19  Twilight Council  
  33  3:24  Probe  
  33  3:26  Probe  
  35  3:33  Robotics Facility  
  35  3:38  Adept  
  35  3:40  Probe  
  39  3:41  Probe  
  39  3:52  Probe  
  39  3:53  Probe  
  41  3:55  Pylon  
  41  3:56  Resonating Glaives  
  41  4:04  Probe  
  42  4:10  Probe  
  42  4:16  Sentry  
  42  4:17  Sentry  
  47  4:20  Adept  
  47  4:22  Warp Prism  
  51  4:25  Probe x2  
  53  4:36  Gateway  
  53  4:37  Gateway  
  53  4:40  Pylon  
  53  4:48  Gateway  
  53  4:49  Gateway  
  53  4:54  Gateway  
  53  4:55  Adept x3  
  53  4:58  Immortal  
  63  5:17  Pylon  
  63  5:19  Gateway  
  63  5:20  Adept x2  
  67  5:22  Adept  
  69  5:33  Immortal  
  73  5:56  Adept x3  
  79  6:13  Pylon  
  79  6:17  Pylon  
  79  6:23  Adept  
  79  6:24  Adept x6  
  93  6:30  Pylon  
  93  6:31  Pylon  
  93  6:33  Pylon  
  93  6:35  Pylon  
  93  6:36  Pylon  
  93  6:38  Pylon  
  93  6:40  Pylon  
  93  6:47  Adept x5  
  103  6:59  Adept x4  
  87  7:18  Adept x3  
  87  7:19  Adept x3  
  89  7:41  Adept x4  
  89  7:42  Adept x3  
  77  7:59  Adept x2  
  77  8:01  Zealot x2  
  77  8:02  Zealot x2  
  85  8:22  Adept x5  
  85  8:23  Adept  
  85  8:25  Zealot  
Tags
 
Add a new tag
Caveats
  • Supply blocks, unpowered buildings, or Contaminate may cause inaccurate times.
  • Supply counts are checked every 10 seconds.